 Dungeon Crawl Stone Soup version 0.26-a0-774-g1415c89e12 (webtiles) character file.

Game seed: 11740278714351195667

2341 Conn the Firebug (level 9, -8/54 HPs)
             Began as an Octopode Fire Elementalist on Nov 9, 2020.
             Was a Believer of Sif Muna.
             Engulfed by a cloud of flame (23 damage)
             ... on level 8 of the Dungeon.
             The game lasted 00:39:45 (10688 turns).

Conn the Firebug (Octopode Fire Elementalist)      Turns: 10688, Time: 00:39:45

Health: -8/54      AC:  5    Str:  7    XL:     9   Next: 43%
Magic:  1/18       EV: 14    Int: 27    God:    Sif Muna [**....]
Gold:   436        SH:  0    Dex: 12    Spells: 5/21 levels left

rFire    . . .     SeeInvis .   b - staff of conjuration
rCold    . . .     Faith    +   (no shield)
rNeg     . . .     Spirit   .   f - +0 hat
rPois    .         Reflect  .   F - amulet of faith
rElec    .         Harm     .   l - +6 ring of intelligence
rCorr    .         Rampage  .   x - +4 ring of protection
MR       +....                  B - ring of protection from magic
Stlth    ++++......             (no ring)
HPRegen  0.18/turn              (no ring)
MPRegen  0.16/turn              (no ring)
                                (no ring)
                                (no ring)

@: no status effects
A: almost no armour, stealthy swim, amphibious, 8 rings, constrict 8, camouflage
1, gelatinous body 1
a: Channel Magic, Renounce Religion


You were on level 8 of the Dungeon.
You worshipped Sif Muna.
Sif Muna was pleased with you.
You visited 2 branches of the dungeon, and saw 9 of its levels.

You collected 436 gold pieces.

Inventory:

Hand Weapons
 a - a +0 short sword
 t - a +0 hunting sling
 A - a +0 trident of flaming
 C - a +0 triple crossbow
Missiles
 m - 263 stones (quivered)
 o - 5 javelins
 p - 66 sling bullets
 v - 82 bolts
Armour
 f - a +0 hat (worn)
Magical Staves
 b - an uncursed staff of conjuration (weapon)
Jewellery
 l - a +6 ring of intelligence (left tentacle)
 x - a +4 ring of protection (right tentacle)
 y - an uncursed ring of ice
 B - a ring of protection from magic (on tentacle)
 F - an amulet of faith (around mantle)
Wands
 h - a wand of polymorph (6)
 q - a wand of iceblast (21)
 w - a wand of enslavement (10)
 G - a wand of acid (9)
Scrolls
 c - 3 scrolls of fog {unknown}
 d - 6 scrolls of identify
 e - 2 scrolls of teleportation {unknown}
 g - 2 scrolls of enchant weapon {unknown}
 i - a scroll of random uselessness {unknown}
 k - 5 scrolls of remove curse {unknown}
 n - 5 scrolls of amnesia {unknown}
 s - a scroll of magic mapping {unknown}
 u - a scroll of immolation
Potions
 j - a potion of curing
 r - a potion of berserk rage {unknown}
 z - a potion of might {unknown}
 D - a potion of degeneration {unknown}
 E - a potion of flight {unknown}


   Skills:
 + Level 1.8 Fighting
 + Level 1.9 Short Blades
 + Level 0.1 Slings
 * Level 3.1 Crossbows
 + Level 3.1 Dodging
 + Level 5.4 Stealth
 + Level 0.3 Unarmed Combat
 * Level 6.6 Spellcasting
 + Level 4.5 Conjurations
 * Level 7.1 Fire Magic
 + Level 0.2 Evocations


You had 5 spell levels left.
You knew the following spells:

 Your Spells              Type           Power        Failure   Level
a - Foxfire               Conj/Fire      ####         1%          1
b - Conjure Flame         Conj/Fire      ######..     1%          3
c - Inner Flame           Hex/Fire       ####....     4%          3
d - Sticky Flame          Conj/Fire      ######..     5%          4
e - Fireball              Conj/Fire      ######....   16%         5

Your spell library contained the following spells:

 Spells                   Type           Power        Failure   Level
 Freeze                   Ice            #...         6%          1
 Frozen Ramparts          Ice            #.....       19%         3
 Ozocubu's Armour         Ice            #.......     19%         3
 Hailstorm                Conj/Ice       ####....     24%         4
 Summon Ice Beast         Ice/Summ       #.......     52%         4


Dungeon Overview and Level Annotations

Branches:
Dungeon (8/15)             Temple (1/1) D:4            Lair (0/6) D:8

Altars:
Cheibriados
Dithmenos
Gozag
Kikubaaqudgha
Sif Muna
Wu Jian
Zin


Innate Abilities, Weirdness & Mutations

You cannot wear most types of armour.
You are very stealthy in the water. (Stealth+)
You are amphibious.
You can wear up to eight rings at the same time.
You can use your tentacles to constrict eight enemies at once.
Your skin changes colour to match your surroundings (Stealth+).
Your rubbery body absorbs attacks. (AC +1, EV +1)


Message History

Casting: Fireball (quite dangerous; 16% risk of failure)
Confirm with . or Enter, or press ? or * to list all spells.
You feel a surge of power!
The fire begins to smolder!
The fire ignites!
Casting: Conjure Flame (safe; 1% risk of failure)
Confirm with . or Enter, or press ? or * to list all spells.
You feel a surge of power!
You conjure some foxfire!
The foxfire hits the wolf but does no damage.
The foxfire hits the wolf.
The wolf is lightly wounded.
Evoke which item? (* to show all) (? for menu, Esc to quit)
Aiming: Enslavement
Press: ? - help, Shift-Dir - straight line, f - wolf
Aim: a wolf (lightly wounded, chance to defeat MR: 46%)
The wolf is charmed.
You start resting.
Your wolf is engulfed in blazing flames.
Really walk into that cloud of flame?
You swap places.
You are engulfed in blazing flames.
You die...

#......... #.########
#.#.....#
#######.#.###.######
..........# #.##...
..........# #.##.###
..........###......
#############.#...#..#.######
+........†.†@h...............
.
######.######........#<######
.####### #.##########.#..#.#
.......# #h†....# #.#.##.#
..?....###h.....# #......#
..≈.............# ###.####
≈≈≈...h......#### #.#
;≈≈.≈h.......# #.#
≈≈≈.....)....# ...


You could see a friendly wolf (charmed).

Vanquished Creatures
  A yak (D:3)
  The ghost of ANON1729 the Chopper, an amateur HOCK of Xom (D:3)
  An orc warrior (D:2)
  3 ogres
  5 wolves (D:8)
  2 centaurs (D:6)
  5 bullfrogs
  A scorpion (D:4)
  2 centaur zombies (D:6)
  An orc priest (D:6)
  5 hounds
  A jelly (D:5)
  4 orc wizards
  An iguana (D:4)
  3 worker ants
  A hound skeleton (D:6)
  Robin (D:1)
  3 gnolls (D:4)
  9 adders
  A howler monkey skeleton (D:5)
  A white imp (D:7)
  2 ufetubi (D:6)
  2 oozes
  An adder skeleton (D:8)
  4 worms
  3 dart slugs
  A leopard gecko (D:2)
  18 orcs
  A ball python (D:4)
  4 giant cockroaches
  15 goblins
  5 hobgoblins
  8 jackals
  3 quokkas
  4 bats
  3 frilled lizards
  6 kobolds
  A leopard gecko skeleton (D:5)
  A quokka skeleton (D:6)
  11 rats
145 creatures vanquished.

Vanquished Creatures (collateral kills)
  An orc (D:6)
1 creature vanquished.

Vanquished Creatures (others)
  550 foxfires
550 creatures vanquished.

Grand Total: 696 creatures vanquished

Notes
Turn   | Place    | Note
-------+----------+-------------------------------------------
     0 | D:1      | Conn the Octopode Fire Elementalist began the quest for the
                  | Orb.
     0 | D:1      | Reached XP level 1. HP: 11/11 MP: 3/3
   261 | D:1      | Reached XP level 2. HP: 17/17 MP: 1/5
   890 | D:1      | Reached XP level 3. HP: 21/21 MP: 0/6
   945 | D:1      | Learned a level 3 spell: Conjure Flame
  1424 | D:2      | Noticed Robin
  2031 | D:1      | Killed Robin
  2130 | D:2      | Reached XP level 4. HP: 13/27 MP: 2/7
  2324 | D:2      | Noticed an orc warrior
  2516 | D:2      | Learned a level 3 spell: Inner Flame
  2542 | D:2      | Noticed an orc warrior
  3988 | D:3      | Found a runed translucent door.
  3988 | D:3      | Noticed ANON1729's ghost (amateur HOCK)
  3988 | D:3      | Noticed a yak
  4062 | D:2      | Reached XP level 5. HP: 8/31 MP: 1/9
  4493 | D:3      | Reached skill level 4 in Fire Magic
  6072 | D:2      | Killed an orc warrior
  6072 | D:2      | Reached XP level 6. HP: 36/36 MP: 2/11
  6249 | D:3      | Killed a yak
  6249 | D:3      | Reached skill level 5 in Fire Magic
  6249 | D:3      | Reached XP level 7. HP: 22/42 MP: 8/13
  6625 | D:3      | Killed ANON1729's ghost
  6805 | D:3      | Reached skill level 1 in Fighting
  7159 | D:4      | Found a staircase to the Ecumenical Temple.
  7501 | Temple   | Entered the Ecumenical Temple
  7507 | Temple   | Became a worshipper of Sif Muna the Loreminder
  7640 | D:4      | Reached skill level 1 in Crossbows
  7640 | D:4      | Reached XP level 8. HP: 45/48 MP: 11/15
  7642 | D:4      | Reached skill level 1 in Short Blades
  7791 | D:4      | Learned a level 4 spell: Sticky Flame
  7797 | D:4      | Learned a level 5 spell: Fireball
  8342 | D:5      | Entered Level 5 of the Dungeon
  8350 | D:5      | Reached skill level 5 in Spellcasting
  8427 | D:5      | Found an opulent altar of Gozag.
  9269 | D:6      | Reached skill level 5 in Stealth
  9363 | D:6      | Reached skill level 6 in Fire Magic
  9490 | D:6      | Reached * piety under Sif Muna
  9946 | D:6      | Reached XP level 9. HP: 32/54 MP: 6/17
 10654 | D:8      | Found a staircase to the Lair.
 10671 | D:8      | Reached skill level 7 in Fire Magic
 10674 | D:8      | Reached ** piety under Sif Muna
 10688 | D:8      | Engulfed by a cloud of flame

Illustrated notes

Levels and vault maps discovered:
D:1:      minmay_arrival_semitransparent, layout_basic
D:2:      layout_basic, uniq_robin
D:3:      layout_basic, ebering_ghost_inner_flame
D:4:      layout_cave_pools, minmay_temple_entry_statues_pillars,
          minmay_misc_feat_iff, roderic_lattice_a
D:5:      layout_loops_cross, lemuel_tele_altar
D:6:      layout_cave_pools, grunt_ministairs_12
D:7:      layout_gridville, uniq_joseph
D:8:      minmay_bubble_buster, layout_basic, nicolae_qazlal_general_emergency,
          erik_lair_island, tgw_trog
Temple:   nicolae_temple_the_god_donut

Skill      XL: |  1  2  3  4  5  6  7  8  9 |
---------------+----------------------------+-----
Stealth        | 3 4 5 |  5.4
Conjurations   | 2 3 4 |  4.5
Spellcasting   | 3 4 5 6 |  6.6
Fire Magic     | 4 5 6 7 |  7.1
Fighting       | 1 |  1.8
Crossbows      | 1 2 3 |  3.1
Short Blades   | 1 |  1.9
Dodging        | 3 |  3.1
Slings         | |  0.1
Unarmed Combat | |  0.3
Evocations     | |  0.2

Action                   |  1- 3 |  4- 6 |  7- 9 || total
-------------------------+-------+-------+-------++-------
Melee: Unarmed           |    37 |       |       ||    37
       Constrict         |     4 |     6 |     9 ||    19
       Tentacles         |     2 |     3 |     8 ||    13
       Short sword       |     2 |    24 |    55 ||    81
       Staff             |       |       |     3 ||     3
 Fire: Hunting sling     |       |     2 |       ||     2
       Triple crossbow   |       |       |     4 ||     4
 Cast: Foxfire           |    66 |   119 |   125 ||   310
       Conjure Flame     |       |    10 |     3 ||    13
       Inner Flame       |       |     1 |       ||     1
       Sticky Flame      |       |       |     9 ||     9
       Fireball          |       |       |     1 ||     1
Evoke: Wand              |       |       |     7 ||     7
  Use: Potion            |     1 |     3 |     4 ||     8
       Scroll            |       |     1 |       ||     1
 Stab: Sleeping          |     1 |     4 |     5 ||    10
       Distracted        |       |       |     1 ||     1
Armor: Skin              |     2 |     1 |    43 ||    46
Dodge: Dodged            |    38 |    26 |    91 ||   155

Table legend: (Time is in decaauts)
 A = Elapsed time spent in this place.
 B = Non-inter-level travel time spent in this place.
 C = Inter-level travel time spent in this place.
 D = Time resting spent in this place.
 E = Time spent auto-exploring this place.
 F = Levels seen in this place.
 G = Mean time per level.
                   A        B        C        D        E       F      G
               +--------+--------+--------+--------+--------+-----+--------+
         Total |  10685 |  10373 |    312 |   2913 |   3992 |   9 | 1187.2 |
       Dungeon |  10673 |  10361 |    312 |   2913 |   3992 |   8 | 1334.1 |
        Temple |     12 |     12 |      0 |      0 |      0 |   1 |   12.0 |
               +--------+--------+--------+--------+--------+-----+--------+

Top non-repeatable levels by time:
     D:1: 2954 daAuts
     D:3: 2243 daAuts
     D:2: 2060 daAuts
     D:6: 1187 daAuts
     D:4: 1067 daAuts
     D:5: 922 daAuts
     D:7: 136 daAuts
     D:8: 99 daAuts
  Temple: 12 daAuts
